MLB
MILWAUKEE BREWERS @ CINCINNATI REDS
05/26/2098
 
TOP OF THE 1ST
Milwaukee Brewers batting - Pitching for Cincinnati Reds : RHP Israel Castillo
Pitching: RHP Israel Castillo
Batting: RHB Byron Weaver 0-0: Ball
1-0: Fly out, F9 (Line Drive, 9, EV 88.8 MPH)
Batting: LHB Alex Cruz 0-0: Called Strike
0-1: Ball
1-1: Ball
2-1: Swinging Strike
2-2: Strikes out swinging
Batting: RHB Joe Hardie 0-0: Called Strike
0-1: SINGLE (Line Drive, 9LS, EV 98.8 MPH)
Batting: LHB Ron Lenz 0-0: Ball
1-0: Swinging Strike
1-1: Fly out, F8 (Flyball, 8RXD, EV 107.5 MPH)
Top of the 1st over - 0 runs, 1 hit, 0 errors, 1 left on base; Milwaukee 0 - Cincinnati 0
BOTTOM OF THE 1ST
Cincinnati Reds batting - Pitching for Milwaukee Brewers : RHP Jay Wells
Pitching: RHP Jay Wells
Batting: LHB Jonathan Nelson 0-0: Ball
1-0: Ball
2-0: Called Strike
2-1: Foul Ball, location: 23F
2-2: Ball
3-2: Foul Ball, location: 2F
3-2: Fly out, F8 (Flyball, 89M, EV 96.9 MPH)
Batting: RHB Earl Boivin 0-0: Called Strike
0-1: SINGLE (Groundball, 6S, EV 73.1 MPH) (infield hit)
Batting: LHB Steve Carbone 0-0: 2-RUN HOME RUN (Flyball, 89XD, EV 103.8 MPH), Distance : 420 ft
Batting: SHB Jamie Moore 0-0: Called Strike
0-1: Ball
1-1: Swinging Strike
1-2: Foul Ball, location: 3FF
1-2: Ground out 4-3 (Groundball, 4MS, EV 86.9 MPH)
Batting: RHB Jamie Schexnider 0-0: Called Strike
0-1: Ball
1-1: Foul Ball, location: 5F
1-2: Ball
2-2: Ball
3-2: Base on Balls
Batting: RHB Erik Schmidt 0-0: Ground out 4-3 (Groundball, 4S, EV 83.1 MPH)
Bottom of the 1st over - 2 runs, 2 hits, 0 errors, 1 left on base; Milwaukee 0 - Cincinnati 2
TOP OF THE 2ND
Milwaukee Brewers batting - Pitching for Cincinnati Reds : RHP Israel Castillo
Batting: SHB Jamie Saxton 0-0: Ball
1-0: Ball
2-0: Foul Ball, location: 2F
2-1: Called Strike
2-2: Ball
3-2: Base on Balls
Batting: LHB Alex Miranda 0-0: Ball
1-0: Bunt missed!
1-1: Sac Bunt to 15 - play at first, batter OUT! 1-3
Jamie Saxton to second
Batting: SHB Roberto Lima 0-0: Swinging Strike
0-1: Foul Ball, location: 3FF
0-2: Strikes out swinging
Batting: RHB Josh Merklin 0-0: Ball
1-0: Foul Ball, location: 23FF
1-1: Fly out, F9 (Flyball, 89M, EV 96.9 MPH)
Top of the 2nd over - 0 runs, 0 hits, 0 errors, 1 left on base; Milwaukee 0 - Cincinnati 2
BOTTOM OF THE 2ND
Cincinnati Reds batting - Pitching for Milwaukee Brewers : RHP Jay Wells
Batting: RHB Tim Mercer 0-0: Foul Ball, location: 2F
0-1: Ball
1-1: Ball
2-1: Swinging Strike
2-2: Ball
3-2: Foul Ball, location: 3F
3-2: SINGLE (Flyball, 8RS, EV 91.9 MPH)
Batting: SHB Greg Jenniferl 0-0: Called Strike
Tim Mercer steals 2nd base
0-1: Called Strike
0-2: Fly out, F7 (Flyball, 78M, EV 98.1 MPH)
Batting: RHB Eddie Enright 0-0: Ball
1-0: Ball
2-0: Ball
3-0: Called Strike
3-1: Fly out, F8 (Line Drive, 8LM, EV 94.4 MPH)
Batting: LHB Jonathan Nelson 0-0: Ball
1-0: Swinging Strike
1-1: Ball
Wild Pitch!
Tim Mercer to third
2-1: Ball
3-1: Base on Balls
Batting: RHB Earl Boivin 0-0: SINGLE (Groundball, 34, EV 103.1 MPH) (infield hit)
Tim Mercer scores
Jonathan Nelson to second
Batting: LHB Steve Carbone 0-0: Ground out 4-3 (Groundball, 4D, EV 104.4 MPH)
Bottom of the 2nd over - 1 run, 2 hits, 0 errors, 2 left on base; Milwaukee 0 - Cincinnati 3
TOP OF THE 3RD
Milwaukee Brewers batting - Pitching for Cincinnati Reds : RHP Israel Castillo
Batting: LHB Chris Weinert 0-0: Ball
1-0: Foul Ball, location: 7LSF
1-1: Called Strike
1-2: Foul Ball, location: 9LSFF
1-2: Strikes out swinging
Batting: RHB Byron Weaver 0-0: Foul Ball, location: 23FF
0-1: Fly out, F9 (Flyball, 9D, EV 76.3 MPH)
Batting: LHB Alex Cruz 0-0: Ground out U3 (Groundball, 34, EV 110.6 MPH)
Top of the 3rd over - 0 runs, 0 hits, 0 errors, 0 left on base; Milwaukee 0 - Cincinnati 3
BOTTOM OF THE 3RD
Cincinnati Reds batting - Pitching for Milwaukee Brewers : RHP Jay Wells
Batting: SHB Jamie Moore 0-0: Ball
1-0: Ball
2-0: DOUBLE (Line Drive, 9LM, EV 101.3 MPH)
Batting: RHB Jamie Schexnider 0-0: Swinging Strike
0-1: Ball
1-1: Single, Error in OF, E7, batter to second base (Line Drive, 6D, EV 98.8 MPH)
Jamie Moore scores
Batting: RHB Erik Schmidt 0-0: Fly out, F3 (Popup, 34, EV 60.0 MPH)
Batting: RHB Tim Mercer 0-0: SINGLE (Groundball, 4MD, EV 102.5 MPH)
Jamie Schexnider to third
Runner from 3rd tries for Home, SAFE, throw by CF to home
Batting: SHB Greg Jenniferl 0-0: Ball
1-0: Called Strike
1-1: Fly out, F5 (Popup, 5SF, EV 71.9 MPH)
Pitching: LHP Mario Cisneros
Batting: RHB Eddie Enright 0-0: Ball
Tim Mercer steals 2nd base
1-0: Foul Ball, location: 3FF
1-1: Called Strike
1-2: Strikes out looking
Bottom of the 3rd over - 2 runs, 3 hits, 1 error, 1 left on base; Milwaukee 0 - Cincinnati 5
TOP OF THE 4TH
Milwaukee Brewers batting - Pitching for Cincinnati Reds : RHP Israel Castillo
Batting: RHB Joe Hardie 0-0: Ball
1-0: Fly out, F3 (Popup, 3SF, EV 80.6 MPH)
Batting: LHB Ron Lenz 0-0: Foul Ball, location: 7LMF
0-1: Ball
1-1: Fly out, F8 (Flyball, 89M, EV 96.9 MPH)
Batting: SHB Jamie Saxton 0-0: Ball
1-0: Foul Ball, location: 25FF
1-1: Swinging Strike
1-2: Strikes out swinging
Top of the 4th over - 0 runs, 0 hits, 0 errors, 0 left on base; Milwaukee 0 - Cincinnati 5
BOTTOM OF THE 4TH
Cincinnati Reds batting - Pitching for Milwaukee Brewers : LHP Mario Cisneros
Batting: LHB Jonathan Nelson 0-0: Ball
1-0: Called Strike
1-1: Foul Ball, location: 2F
1-2: Foul Ball, location: 3F
1-2: Ball
2-2: Foul Ball, location: 2F
2-2: Foul Ball, location: 2F
2-2: Ground out 3-1 (Groundball, 34D, EV 98.1 MPH)
Batting: RHB Earl Boivin 0-0: Swinging Strike
0-1: Ball
1-1: Swinging Strike
1-2: Ball
2-2: Ball
3-2: Base on Balls
Batting: LHB Steve Carbone 0-0: Called Strike
Earl Boivin steals 2nd base
0-1: Ball
1-1: Swinging Strike
1-2: Foul Ball, location: 5SF
1-2: Ball
Wild Pitch!
Earl Boivin to third
2-2: Fly out, F8 (Flyball, 89D, EV 99.4 MPH)
Runner from 3rd tags up, SCORES, no throw by CF
Batting: SHB Jamie Moore 0-0: Ball
1-0: Called Strike
1-1: Fly out, F8 (Flyball, 8RS, EV 80.0 MPH)
Bottom of the 4th over - 1 run, 0 hits, 0 errors, 0 left on base; Milwaukee 0 - Cincinnati 6
TOP OF THE 5TH
Milwaukee Brewers batting - Pitching for Cincinnati Reds : RHP Israel Castillo
Batting: LHB Alex Miranda 0-0: Called Strike
0-1: Ball
1-1: Swinging Strike
1-2: Ball
2-2: Foul Ball, location: 23FF
2-2: Foul Ball, location: 7LMF
2-2: Ball
3-2: Strikes out swinging
Batting: SHB Roberto Lima 0-0: Ball
1-0: Ball
2-0: Ball
3-0: Called Strike
3-1: Base on Balls
Batting: RHB Josh Merklin 0-0: Ball
1-0: Called Strike
1-1: Swinging Strike
1-2: Foul Ball, location: 2F
1-2: Strikes out looking
Batting: LHB Chris Weinert 0-0: Fly out, F8 (Flyball, 78D, EV 88.8 MPH)
Top of the 5th over - 0 runs, 0 hits, 0 errors, 1 left on base; Milwaukee 0 - Cincinnati 6
BOTTOM OF THE 5TH
Cincinnati Reds batting - Pitching for Milwaukee Brewers : LHP Mario Cisneros
Batting: RHB Jamie Schexnider 0-0: Ball
1-0: Fly out, F7 (Flyball, 7LS, EV 95.6 MPH)
Batting: RHB Erik Schmidt 0-0: Ball
1-0: Ball
2-0: Called Strike
2-1: Ground out 6-3 (Groundball, 6, EV 100.0 MPH)
Pitching: LHP Mike Williams
Batting: RHB Tim Mercer 0-0: SINGLE (Groundball, 4MD, EV 105.0 MPH)
Batting: SHB Greg Jenniferl 0-0: Ball
1-0: Ball
2-0: Called Strike
2-1: Fielders Choice at 2nd, 5-4 (Groundball, 56, EV 111.3 MPH)
Bottom of the 5th over - 0 runs, 1 hit, 0 errors, 1 left on base; Milwaukee 0 - Cincinnati 6
TOP OF THE 6TH
Milwaukee Brewers batting - Pitching for Cincinnati Reds : RHP Israel Castillo
Batting: RHB Byron Weaver 0-0: Called Strike
0-1: Foul Ball, location: 9LMF
0-2: Foul Ball, location: 23F
0-2: Ball
1-2: Ball
2-2: Foul Ball, location: 9LSF
2-2: Strikes out looking
Batting: LHB Alex Cruz 0-0: Called Strike
0-1: Foul Ball, location: 2F
0-2: Strikes out looking
Batting: RHB Joe Hardie 0-0: Called Strike
0-1: Called Strike
0-2: Strikes out swinging
Top of the 6th over - 0 runs, 0 hits, 0 errors, 0 left on base; Milwaukee 0 - Cincinnati 6
BOTTOM OF THE 6TH
Cincinnati Reds batting - Pitching for Milwaukee Brewers : LHP Mike Williams
Batting: RHB Eddie Enright 0-0: Foul Ball, location: 5SF
0-1: Swinging Strike
0-2: Ball
1-2: Ball
2-2: Foul Ball, location: 2F
2-2: Strikes out swinging
Batting: LHB Jonathan Nelson 0-0: Foul Ball, location: 9LMF
0-1: Ball
1-1: Ball
2-1: Called Strike
2-2: Strikes out swinging
Batting: RHB Earl Boivin 0-0: Called Strike
0-1: SINGLE (Groundball, 4MS, EV 70.6 MPH) (infield hit)
Batting: LHB Steve Carbone 0-0: Called Strike
0-1: Ball
Earl Boivin steals 2nd base
1-1: Ball
2-1: Ball
3-1: Base on Balls
Batting: SHB Jamie Moore 0-0: Swinging Strike
0-1: Foul Ball, location: 9LSF
0-2: Foul Ball, location: 7LSF
0-2: Ball
1-2: Ball
2-2: Strikes out swinging
Bottom of the 6th over - 0 runs, 1 hit, 0 errors, 2 left on base; Milwaukee 0 - Cincinnati 6
TOP OF THE 7TH
Milwaukee Brewers batting - Pitching for Cincinnati Reds : RHP Israel Castillo
Pitching: RHP Kerry Johnson
Batting: LHB Ron Lenz 0-0: Ball
1-0: Swinging Strike
1-1: Swinging Strike
1-2: Foul Ball, location: 2F
1-2: Strikes out swinging
Batting: SHB Jamie Saxton 0-0: Foul Ball, location: 2F
0-1: Ball
1-1: Fly out, F8 (Flyball, 8LM, EV 85.6 MPH)
Batting: LHB Alex Miranda 0-0: Ball
1-0: Foul Ball, location: 25F
1-1: Foul Ball, location: 2F
1-2: Fly out, F8 (Flyball, 8LM, EV 77.5 MPH)
Top of the 7th over - 0 runs, 0 hits, 0 errors, 0 left on base; Milwaukee 0 - Cincinnati 6
BOTTOM OF THE 7TH
Cincinnati Reds batting - Pitching for Milwaukee Brewers : LHP Mike Williams
Pitching: RHP Josh Watts
Batting: RHB Jamie Schexnider 0-0: Ball
1-0: Ball
2-0: Ball
3-0: Base on Balls
Batting: RHB Erik Schmidt 0-0: Ball
1-0: SINGLE (Line Drive, 78S, EV 106.3 MPH)
Jamie Schexnider to second
Batting: RHB Tim Mercer 0-0: Ball
1-0: Called Strike
1-1: Foul Ball, location: 2LF
1-2: Ball
Wild Pitch!
Jamie Schexnider to third
Erik Schmidt to second
2-2: Ball
3-2: SINGLE (Line Drive, 8RS, EV 101.9 MPH)
Jamie Schexnider scores
Erik Schmidt to third
Batting: SHB Greg Jenniferl 0-0: Called Strike
0-1: Ball
1-1: Ball
2-1: Fly out, F6 (Popup, 6S, EV 81.9 MPH)
Batting: RHB Eddie Enright 0-0: Ball
Tim Mercer steals 2nd base
1-0: Ball
2-0: Called Strike
2-1: Ground out U3 (Groundball, 3, EV 98.8 MPH)
Batting: LHB Jonathan Nelson 0-0: Ball
1-0: Foul Ball, location: 7LSF
1-1: Ball
2-1: Called Strike
2-2: Ball
3-2: Strikes out swinging
Bottom of the 7th over - 1 run, 2 hits, 0 errors, 2 left on base; Milwaukee 0 - Cincinnati 7
TOP OF THE 8TH
Milwaukee Brewers batting - Pitching for Cincinnati Reds : RHP Kerry Johnson
Batting: SHB Roberto Lima 0-0: Foul Ball, location: 7LMF
0-1: Swinging Strike
0-2: Ball
1-2: Ground out 1-3 (Groundball, 13S, EV 63.1 MPH)
Pinch Hitting: LHB Justin Caffyn 0-0: Called Strike
0-1: Foul Ball, location: 2F
0-2: Ball
1-2: Strikes out swinging, 2-3 out at first.
Batting: LHB Chris Weinert 0-0: Called Strike
0-1: Ball
1-1: Called Strike
1-2: Foul Ball, location: 7LMF
1-2: Strikes out looking
Top of the 8th over - 0 runs, 0 hits, 0 errors, 0 left on base; Milwaukee 0 - Cincinnati 7
BOTTOM OF THE 8TH
Cincinnati Reds batting - Pitching for Milwaukee Brewers : RHP Josh Watts
Pitching: LHP Mike Baxter
Now at 2B: Tyler Naberhaus
Batting: RHB Earl Boivin 0-0: DOUBLE (Line Drive, 9LM, EV 103.8 MPH)
Batting: LHB Steve Carbone 0-0: Fly out, F8 (Flyball, 89S, EV 95.0 MPH)
Batting: SHB Jamie Moore 0-0: Ball
1-0: SINGLE (Line Drive, 7S, EV 89.4 MPH)
Earl Boivin to third
Batting: RHB Jamie Schexnider 0-0: Ball
1-0: Fly out, F9 (Line Drive, 9LS, EV 106.9 MPH)
Runner from 3rd tags up, SCORES, throw by RF
Batting: RHB Erik Schmidt 0-0: Fly out, F8 (Line Drive, 8RXD, EV 100.6 MPH)
Bottom of the 8th over - 1 run, 2 hits, 0 errors, 1 left on base; Milwaukee 0 - Cincinnati 8
TOP OF THE 9TH
Milwaukee Brewers batting - Pitching for Cincinnati Reds : RHP Kerry Johnson
Batting: RHB Byron Weaver 0-0: Ball
1-0: Ball
2-0: Called Strike
2-1: Fly out, F3 (Popup, 34, EV 58.1 MPH)
Batting: LHB Alex Cruz 0-0: Ball
1-0: SOLO HOME RUN (Line Drive, 89XD, EV 98.1 MPH), Distance : 399 ft
Batting: RHB Joe Hardie 0-0: Swinging Strike
0-1: Ball
1-1: Fly out, F9 (Line Drive, 9, EV 88.8 MPH)
Batting: LHB Ron Lenz 0-0: Called Strike
0-1: Called Strike
0-2: Strikes out swinging
Top of the 9th over - 1 run, 1 hit, 0 errors, 0 left on base; Milwaukee 1 - Cincinnati 8
Thursday, April 4th , 2024 - OOTP Baseball 24.11 Build 85